 Dungeon Crawl Stone Soup version 0.31-a0-851-g7ff8af7976 (webtiles) character file.

Game seed: 12994543195755622600

49 randomguy2701 the Slicer (level 3, -1/28 HPs)
             Began as a Gnoll Wanderer on Oct 6, 2023.
             Slain by a gnoll
             ... wielding a +0 spear
              (5 damage)
             ... on level 3 of the Dungeon.
             The game lasted 00:01:29 (1787 turns).

randomguy2701 the Slicer (Gnoll Wanderer)           Turns: 1787, Time: 00:01:30

Health: -1/28      AC:  7    Str: 16    XL:     3   Next: 75%
Magic:  4/4        EV: 10    Int: 10    God:
Gold:   107        SH:  0    Dex: 15    Spells: 4/4 levels left

rFire   . . .        o - +2 dagger (protect)
rCold   . . .        (no shield)
rNeg    . . .        c - +0 ring mail
rPois   .            (no helmet)
rElec   .            (no cloak)
rCorr   .            h - +0 pair of gloves
SInv    .            (no boots)
Will    .....        (no amulet)
Stlth   +            p - +6 ring of strength
HPRegen 0.24/turn    (no ring)
MPRegen 0.09/turn

%: no passive effects
@: no status effects
A: fangs 1, strong nose, distributed training
a: no special abilities


You were on level 3 of the Dungeon.
You visited 1 branch of the dungeon, and saw 3 of its levels.

You collected 107 gold pieces.

Inventory:

Hand Weapons
 a - a +2 short sword
 b - a +0 sling
 o - a +2 dagger of protection (weapon)
Armour
 c - a +0 ring mail (worn)
 h - a +0 pair of gloves (worn)
Jewellery
 p - a +6 ring of strength (left hand)
Scrolls
 g - a scroll of poison {unknown}
 i - a scroll of teleportation {unknown}
 j - a scroll of blinking {unknown}
 k - a scroll of revelation {unknown}
 n - a scroll of enchant armour {unknown}
Potions
 d - a potion of berserk rage
 e - 2 potions of curing {unknown}
 f - 3 potions of lignification {unknown}
 l - a potion of mutation {unknown}
 m - a potion of attraction {unknown}
 q - a potion of brilliance {unknown}


   Skills:
 + Level 2.6 Fighting
 + Level 8.5 Short Blades
 + Level 1.0 Long Blades
 + Level 1.0 Axes
 + Level 1.0 Maces & Flails
 + Level 1.0 Polearms
 + Level 1.0 Staves
 + Level 4.6 Ranged Weapons
 + Level 1.0 Throwing
 + Level 4.6 Armour
 + Level 1.0 Dodging
 + Level 2.4 Stealth
 + Level 1.0 Shields
 + Level 1.0 Unarmed Combat
 + Level 1.0 Spellcasting
 + Level 0.7 Conjurations
 + Level 0.7 Hexes
 + Level 0.7 Summonings
 + Level 0.7 Necromancy
 + Level 0.7 Translocations
 + Level 0.7 Transmutations
 + Level 0.7 Fire Magic
 + Level 0.7 Ice Magic
 + Level 0.7 Air Magic
 + Level 0.7 Earth Magic
 + Level 0.7 Poison Magic
 + Level 1.0 Invocations
 + Level 1.0 Evocations
 + Level 0.8 Shapeshifting


You had 4 spell levels left.
You didn't know any spells.
Your spell library was empty.

Dungeon Overview and Level Annotations

Branches:
Dungeon (3/15)

Altars:
Gozag
Hepliaklqana


Innate Abilities, Weirdness & Mutations

You have very sharp teeth.
Your uncanny sense of smell can sniff out nearby items.
Your experience applies equally to all skills.


Message History

No target in view!
No target in view!
No target in view!
Found a stone staircase leading down.
There is a stone staircase leading down here.
You open the door.
A gnoll comes into view. It is wielding a +0 club.
Found a trident.
Found an opulent altar of Gozag.
A gnoll is nearby!
A gnoll comes into view. It is wielding a +0 spear.
There is an open door here.
A gnoll comes into view. It is wielding a +0 spear.
Found 5 stones.
The gnoll shouts! x2
The gnoll throws a throwing net.
The throwing net hits you.
You become entangled in the net!
The gnoll hits you but does no damage. The gnoll hits you with a +0 club.
You see here a throwing net.
You are held in a net!
You are held in a net!
You are held in a net!
You are held in a net!
You are held in a net!
You are held in a net!
You are held in a net!
You are held in a net!
You are held in a net!
You are held in a net!
You are held in a net!
Unknown command.
You struggle against the net.
The gnoll hits you with a +0 club.
The gnoll hits you from afar with a +0 spear.
You struggle against the net.
The gnoll hits you with a +0 club.
The gnoll hits you from afar with a +0 spear. x2
You shred the net and break free! The gnoll hits you with a +0 club.
* * * LOW HITPOINT WARNING * * *
The gnoll hits you from afar with a +0 spear.
* * * LOW HITPOINT WARNING * * *
The gnoll hits you from afar with a +0 spear.
You die...

.# .#### ...#...
....# .#.#... ..#.#
####.#..... #.#.#
#....#).(.. #...#
#....#..... ##..##
#.......... #...##
#...gg..# ##...##
#..@.g.#
#.#..#######......#
#....>.....'......#
############....#.#
####.#.# .#.# .#.#
...# .#


You could see 3 gnolls.

Vanquished Creatures
  An adder (D:2)
  2 dart slugs
  An orc (D:3)
  5 bats
  3 endoplasms (D:1)
  A giant cockroach (D:3)
  3 goblins
  A hobgoblin (D:1)
  2 quokkas (D:1)
  3 frilled lizards
  9 kobolds
  A rat (D:1)
32 creatures vanquished.

Notes
Turn   | Place    | Note
-------+----------+-------------------------------------------
     0 | D:1      | randomguy2701 the Gnoll Wanderer began the quest for the
                  | Orb.
     0 | D:1      | randomguy2701 set off with the following items: a +2 short
                  | sword, a +0 sling, a +0 ring mail, a potion of berserk
                  | rage.
     0 | D:1      | Reached XP level 1. HP: 17/17 MP: 1/1
    58 | D:1      | You fall into a shaft and drop 1 floor!
    72 | D:2      | Reached XP level 2. HP: 23/23 MP: 2/2
   748 | D:1      | Reached XP level 3. HP: 28/28 MP: 3/3
  1062 | D:1      | Reached skill level 1 in Invocations
  1710 | D:3      | Found a hazy altar of Hepliaklqana.
  1742 | D:3      | Reached skill level 1 in Long Blades
  1742 | D:3      | Reached skill level 1 in Axes
  1742 | D:3      | Reached skill level 1 in Maces & Flails
  1742 | D:3      | Reached skill level 1 in Polearms
  1742 | D:3      | Reached skill level 1 in Staves
  1742 | D:3      | Reached skill level 1 in Throwing
  1742 | D:3      | Reached skill level 1 in Dodging
  1742 | D:3      | Reached skill level 1 in Shields
  1742 | D:3      | Reached skill level 1 in Unarmed Combat
  1742 | D:3      | Reached skill level 1 in Spellcasting
  1742 | D:3      | Reached skill level 1 in Evocations
  1780 | D:3      | Found an opulent altar of Gozag.
  1787 | D:3      | Slain by a gnoll

Illustrated notes

Levels and vault maps discovered:
D:1:      lightli_molten_gateway, layout_loops_corners
D:2:      layout_basic
D:3:      layout_basic, mainiacjoe_overflow_cross_hatched,
          mainiacjoe_overflow_surrounded_room, mainiacjoe_overflow_boulevard,
          minmay_cut_off

Skill      XL: |  1  2  3 |
---------------+----------+-----
Invocations    | 1 |  1.0
Long Blades    | 1 |  1.0
Axes           | 1 |  1.0
Maces & Flails | 1 |  1.0
Polearms       | 1 |  1.0
Staves         | 1 |  1.0
Throwing       | 1 |  1.0
Dodging        | 1 |  1.0
Shields        | 1 |  1.0
Unarmed Combat | 1 |  1.0
Spellcasting   | 1 |  1.0
Evocations     | 1 |  1.0
Fighting       | |  2.6
Short Blades   | |  8.5
Ranged Weapons | |  4.6
Armour         | |  4.6
Stealth        | |  2.4
Conjurations   | |  0.7
Hexes          | |  0.7
Summonings     | |  0.7
Necromancy     | |  0.7
Translocations | |  0.7
Transmutations | |  0.7
Fire Magic     | |  0.7
Ice Magic      | |  0.7
Air Magic      | |  0.7
Earth Magic    | |  0.7
Poison Magic   | |  0.7
Shapeshifting  | |  0.8

Action                     || total
---------------------------++-------
  Melee: Short sword       ||    89
         Bite              ||     5
         Dagger            ||    10
         Punch             ||     1
 Armour: Ring mail         ||    50
  Dodge: Dodged            ||    37

Table legend: (Time is in decaauts)
 A = Elapsed time spent in this place.
 B = Non-inter-level travel time spent in this place.
 C = Inter-level travel time spent in this place.
 D = Time resting spent in this place.
 E = Time spent auto-exploring this place.
 F = Levels seen in this place.
 G = Mean time per level.
                   A        B        C        D        E       F      G
               +--------+--------+--------+--------+--------+-----+--------+
         Total |   1745 |   1581 |    164 |      0 |   1373 |   3 |  581.7 |
       Dungeon |   1745 |   1581 |    164 |      0 |   1373 |   3 |  581.7 |
               +--------+--------+--------+--------+--------+-----+--------+

Top non-repeatable levels by time:
     D:1: 1016 daAuts
     D:2: 633 daAuts
     D:3: 94 daAuts
